 Dungeon Crawl Stone Soup version 0.30-a0-728-gc68057be0a (webtiles) character file.

Game seed: 14403658983763765412

28986 Legacy the Warrior (level 13, -3/127 HPs)
             Began as a Minotaur Berserker on Feb 1, 2023.
             Was a High Priest of Trog.
             Succumbed to Urug's poison
             ... on level 12 of the Dungeon.
             The game lasted 00:37:23 (14949 turns).

Legacy the Warrior (Minotaur Berserker)            Turns: 14949, Time: 00:37:24

Health: -3/127     AC: 23    Str: 25    XL:     13   Next: 12%
Magic:  12/12      EV: 10    Int:  4    God:    Trog [*****.]
Gold:   756        SH: 11    Dex: 12    Spells: 12/12 levels left

rFire   . . .      SeeInvis .    m - +7 broad axe (drain)
rCold   . . .      Faith    .    t - +0 kite shield
rNeg    . . .      Spirit   .    J - +0 plate armour
rPois   .          Reflect  .    (helmet restricted)
rElec   .          Harm     .    y - +0 cloak
rCorr   .          Rampage  .    z - +0 pair of gloves {hurl}
Will    .....                    k - +0 pair of boots Stlth
                                 (no amulet)
HPRegen 0.41/turn                n - +4 ring of protection
MPRegen 0.13/turn                (no ring)

@: lethally poisoned (-3 -> -52)
A: horns 2, retaliatory headbutt
a: Renounce Religion, Berserk, Trog's Hand, Brothers in Arms


You were on level 12 of the Dungeon.
You worshipped Trog.
Trog was extremely pleased with you.
You visited 1 branch of the dungeon, and saw 13 of its levels.
You also visited: Bailey.

You collected 1023 gold pieces.
You spent 267 gold pieces at shops.

Inventory:

Hand Weapons
 a - the +8 short sword "Wuriu" {elec, rF+ rC+ Str+3 Dex-4}
   (You found it on level 3 of the Dungeon)

   Str:       It affects your strength (+3).
   Dex:       It affects your dexterity (-4).
   rF:        It protects you from fire.
   rC:        It protects you from cold.
 m - a +7 broad axe of draining (weapon)
 q - a +1 hand axe of draining
 v - a +2 war axe of venom
 D - a +5 morningstar
 F - the +5 hand axe of Nyekkobb {drain, Drain rF- Str+3 Int+10}
   (You found it on level 7 of the Dungeon)

   Str:       It affects your strength (+3).
   Int:       It affects your intelligence (+10).
   rF:        It makes you vulnerable to fire.
   Drain:     It drains your maximum health when unequipped.
 M - the +3 giant club "Skullcrusher" {speed, Str+7}
   (You found it on level 12 of the Dungeon)

   Str:       It affects your strength (+7).
Armour
 k - a +0 pair of boots (worn)
 t - a +0 kite shield (worn)
 y - a +0 cloak (worn)
 z - a +0 pair of gloves of hurling (worn)
 J - a +0 plate armour (worn)
Jewellery
 n - a +4 ring of protection (left hand)
 E - a +6 ring of dexterity
 H - a ring of fire
Wands
 o - a wand of mindburst (18)
 s - a wand of flame (10)
 x - a wand of digging (4)
 B - a wand of roots (8)
Scrolls
 c - 4 scrolls of enchant armour
 e - a scroll of fog
 f - a scroll of silence
 g - 9 scrolls of teleportation
 l - 3 scrolls of poison
 w - 2 scrolls of torment
 I - 3 scrolls of identify
 L - 2 scrolls of magic mapping
Potions
 b - a potion of ambrosia {unknown}
 d - 2 potions of brilliance {unknown}
 h - 7 potions of curing
 i - 3 potions of resistance {unknown}
 j - 2 potions of magic {unknown}
 p - 2 potions of mutation {unknown}
 r - a potion of might {unknown}
 u - 2 potions of cancellation {unknown}
 A - 5 potions of heal wounds {unknown}
 G - a potion of haste
 K - a potion of lignification {unknown}
Miscellaneous
 C - a box of beasts


   Skills:
 * Level 15.4 Fighting
 + Level 10.4 Axes
 * Level 10.5 Armour
 * Level 13.0 Dodging
 * Level 2.3 Stealth
 * Level 10.3 Shields


You had 12 spell levels left.
You didn't know any spells.
Your spell library was empty.

Dungeon Overview and Level Annotations

Branches:
Dungeon (13/15) Temple (0/1) D:4 Lair (0/5) D:8 Orc (0/2) D:12 Vaults (0/5) D:12 D:13 Bailey (visited)

Altars:
Ashenzari
Elyvilon
Hepliaklqana
Makhleb
Qazlal
Ru
Sif Muna
Uskayaw
Wu Jian
Xom

Shops:
D:5 *   D:7 ?

Annotations:
D:13 Nessos, Urug


Innate Abilities, Weirdness & Mutations

You have a pair of horns on your head.
You reflexively headbutt those who attack you in melee.


Message History

The human dies!
The human hits you.
There is a stone staircase leading up, spattered with blood here.
Nessos shoots an arrow.
The arrow barely misses you. You block the human's attack.
Urug hits you but does no damage.
Nessos shoots an arrow.
The arrow hits you. The arrow burns you.
You are poisoned.
You feel sick.
Nessos shoots an arrow.
The arrow hits you but does no damage. The great orb of eyes gazes at you.
You suddenly lose the ability to move!
The human hits you.
Urug throws a javelin.
The javelin pierces through you!
The javelin pierces through the great orb of eyes!!
You feel sick.
Nessos gestures wildly while chanting.
Nessos seems to speed up.
Urug hits you from afar with a +2 demon trident of venom!
You are more poisoned.
The great orb of eyes gazes at you. You resist with significant effort.
The human barely misses you.
Nessos shoots an arrow.
The arrow hits you. The arrow burns you.
You are more poisoned.
You feel very sick.
Nessos shoots an arrow.
The arrow hits you! The arrow burns you. The human hits you but does no damage.
Nessos shoots an arrow.
The arrow hits you! The arrow burns you.
You are more poisoned.
Urug hits you from afar with a +2 demon trident of venom!
* * * LOW HITPOINT WARNING * * *
You can move again.
Unknown command.
Unknown command.
* * * LOW HITPOINT WARNING * * *
You feel extremely sick.
Nessos shoots an arrow.
You block the arrow.
Urug hits you from afar with a +2 demon trident of venom!
* * * LOW HITPOINT WARNING * * *
You are more poisoned.
You block the human's attack.
You climb upwards.
You die...

#####...........#####
....................#####
.....)..................#
........................#
..........#####.......###
..........# #.......#
..........# #.......#
..........# #.[†....#
#####'#...#####†@†....#
......#........†.p....#
......#....##'######..#
......##'#.#.......#..#
.........+.#.......#..#
.........#.#.....[.#.##
.(......##.#########.#
........#............#
........#....).......#


You could see a human.

Vanquished Creatures
  Rupert (D:12)
  An orc warlord (Bailey)
  Erica (D:10)
  A boulder beetle (D:11)
  A two-headed ogre (D:10)
  2 skeletal warriors
  2 orc knights
  4 manticores
  An ugly thing (D:12)
  2 cyclopes
  2 gargoyles
  3 kobold demonologists
  2 hornets
  4 trolls
  16 flying skulls (D:12)
  A shadow (D:10)
  A vampire (D:10)
  A basilisk (D:11)
  4 wraiths
  19 yaks
  Eustachio (D:6)
  14 humans (D:12)
  8 vampire mosquitoes
  A warg (D:11)
  Duvessa (D:6)
  An acid dragon (D:12)
  9 orc warriors
  3 water moccasins
  A black bear (D:8)
  2 centaurs
  3 wolves (D:8)
  2 phantoms
  4 kobold brigands
  2 bullfrogs
  A gnoll sergeant (D:5)
  A scorpion (D:5)
  12 wights
  Dowan (D:6)
  3 killer bees (D:9)
  4 howler monkeys
  6 electric eels
  A crimson imp (D:9)
  3 jellies
  3 gnoll boudas
  An orc priest (D:8)
  6 hounds
  3 iguanas
  8 orc wizards
  23 gnolls
  3 adders
  4 worms
  2 dart slugs (D:4)
  37 orcs
  8 ball pythons
  12 endoplasms
  2 giant cockroaches (D:1)
  15 goblins
  17 hobgoblins
  5 jackals
  4 bats
  4 frilled lizards
  21 kobolds
  10 rats
341 creatures vanquished.

Vanquished Creatures (collateral kills)
  An adder (D:4)
  A hobgoblin (D:4)
2 creatures vanquished.

Vanquished Creatures (others)
  A human (D:13)
  6 plants (D:2)
7 creatures vanquished.

Grand Total: 350 creatures vanquished

Notes
Turn   | Place    | Note
-------+----------+-------------------------------------------
     0 | D:1      | Legacy the Minotaur Berserker began the quest for the Orb.
     0 | D:1      | Reached XP level 1. HP: 19/19 MP: 0/0
   172 | D:1      | Reached skill level 4 in Fighting
   183 | D:1      | Reached XP level 2. HP: 9/28 MP: 1/1
   692 | D:1      | Reached skill level 5 in Fighting
   773 | D:1      | Reached XP level 3. HP: 36/36 MP: 2/2
  1203 | D:2      | Noticed a great orb of eyes
  1204 | D:2      | Found a faded altar of an unknown god.
  1213 | D:2      | Noticed a floating eye
  1217 | D:2      | Noticed a golden eye
  1219 | D:2      | Noticed an eye of devastation
  1271 | D:2      | Reached ** piety under Trog
  2423 | D:3      | Reached XP level 4. HP: 44/44 MP: 3/3
  2425 | D:3      | Reached skill level 6 in Fighting
  2737 | D:3      | Found a shimmering blue altar of Sif Muna.
  3274 | D:3      | Identified the +8 short sword "Wuriu" {elec, rF+ rC+ Str+3
                  | Dex-4}
  3516 | D:4      | Found an ornate altar of the Wu Jian Council.
  3546 | D:4      | Reached skill level 7 in Fighting
  3546 | D:4      | Reached XP level 5. HP: 29/52 MP: 4/4
  3671 | D:4      | Found a white marble altar of Elyvilon.
  3917 | D:4      | Found a staircase to the Ecumenical Temple.
  4209 | D:4      | Found a glowing drain.
  4670 | D:4      | Found a hazy altar of Hepliaklqana.
  4757 | D:5      | Entered Level 5 of the Dungeon
  4920 | D:5      | Noticed a phantom
  4927 | D:5      | Killed a phantom
  4928 | D:5      | Reached skill level 8 in Fighting
  4928 | D:5      | Reached XP level 6. HP: 56/62 MP: 5/5
  5075 | D:5      | Reached skill level 9 in Fighting
  5368 | D:5      | Reached XP level 7. HP: 65/71 MP: 6/6
  5607 | D:5      | Found Biam's Assorted Antiques.
  5619 | D:5      | Bought a scroll labelled SIUN DETIEDALU for 20 gold pieces
  5621 | D:5      | Bought a pair of glowing gloves for 150 gold pieces
  5825 | D:6      | Reached skill level 10 in Fighting
  5866 | D:6      | Found a hide-covered altar of Uskayaw.
  5947 | D:6      | Noticed Duvessa
  5947 | D:6      | Noticed Dowan
  5952 | D:6      | Noticed Eustachio
  5959 | D:6      | Killed Dowan
  5959 | D:6      | Killed Duvessa
  5967 | D:6      | Reached skill level 11 in Fighting
  5969 | D:6      | Killed Eustachio
  5969 | D:6      | Reached *** piety under Trog
  5972 | D:6      | Reached XP level 8. HP: 40/83 MP: 7/7
  6254 | D:6      | Identified the +1 dagger of the Wolf {heavy, rC+ Str+6}
  6481 | D:6      | Reached skill level 12 in Fighting
  6740 | D:6      | Found a stormy altar of Qazlal.
  7098 | D:7      | Reached skill level 1 in Shields
  7106 | D:7      | Reached skill level 13 in Fighting
  7215 | D:7      | Found a flagged portal.
  7225 | D:7      | Identified the +5 hand axe of Nyekkobb {drain, Drain rF-
                  | Str+3 Int+10}
  7244 | Bailey   | Entered a bailey
  7340 | Bailey   | Reached XP level 9. HP: 79/93 MP: 8/8
  7826 | Bailey   | Reached skill level 5 in Armour
  7989 | Bailey   | Noticed an orc warlord
  7989 | Bailey   | Noticed an orc knight
  8000 | Bailey   | Killed an orc knight
  8001 | Bailey   | Reached skill level 5 in Shields
  8003 | Bailey   | Killed an orc warlord
  8028 | Bailey   | Reached XP level 10. HP: 23/101 MP: 9/9
  8048 | Bailey   | Identified the +3 short sword of Bodifomm {venom, rElec rN+
                  | Int+2}
  8438 | D:7      | Found Athuneef's Magic Scroll Emporium.
  8451 | D:7      | Bought a scroll of enchant weapon for 97 gold pieces
  8520 | D:7      | Reached **** piety under Trog
  8749 | D:7      | Found a broken altar of Ashenzari.
  9069 | D:8      | Reached XP level 11. HP: 100/108 MP: 10/10
  9182 | D:8      | Reached skill level 5 in Axes
  9465 | D:8      | Found a staircase to the Lair.
  9723 | D:8      | Reached skill level 14 in Fighting
  9901 | D:8      | Noticed a skeletal warrior
  9915 | D:8      | Killed a skeletal warrior
 10675 | D:9      | Found a burning altar of Makhleb.
 10675 | D:9      | Found a shimmering altar of Xom.
 10763 | D:9      | You fall into a shaft and drop 2 floors!
 10812 | D:11     | Reached ***** piety under Trog
 10980 | D:11     | Noticed a boulder beetle
 10986 | D:11     | Killed a boulder beetle
 10994 | D:11     | Noticed an orc knight
 11487 | D:10     | Entered Level 10 of the Dungeon
 11509 | D:10     | Noticed a sun demon
 11543 | D:10     | Found a sacrificial altar of Ru.
 11742 | D:10     | Noticed a two-headed ogre
 11745 | D:10     | Noticed Erica
 11749 | D:10     | Killed a two-headed ogre
 11750 | D:10     | Reached XP level 12. HP: 83/118 MP: 11/11
 11761 | D:10     | Killed Erica
 13053 | D:11     | Identified the +3 hand axe "Barhif" {distort, rPois Str+3}
 13381 | D:11     | Reached skill level 15 in Fighting
 13421 | D:12     | Received a gift from Trog
 13447 | D:12     | Found a staircase to the Orcish Mines.
 14043 | D:12     | Reached skill level 1 in Stealth
 14151 | D:12     | Reached skill level 10 in Armour
 14471 | D:12     | Found the +3 giant club "Skullcrusher" {speed, Str+7}
 14545 | D:12     | Reached skill level 10 in Shields
 14749 | D:13     | Noticed Rupert
 14749 | D:13     | Noticed Urug
 14749 | D:13     | Noticed a great orb of eyes
 14749 | D:13     | Noticed Nessos
 14749 | D:13     | Found a gate to the Vaults.
 14759 | D:12     | Reached skill level 10 in Axes
 14763 | D:12     | Reached XP level 13. HP: 83/127 MP: 12/12
 14877 | D:12     | Killed Rupert
 14945 | D:13     | Paralysed by a great orb of eyes for 3 turns
 14949 | D:12     | Succumbed to Urug's poison

Illustrated notes

Levels and vault maps discovered:
D:1:      minmay_arrival_nine_rooms, layout_basic, minmay_pentomino_w2
D:2:      minmay_razor_zed, layout_loops_ring,
          hellmonk_ecumenical_altar_watching_god, serial_bayou_ford_a,
          minmay_misc_feat_ornament
D:3:      layout_basic, kennysheep_orc_sif_temple, grunt_decor_fettered
D:4:      layout_cave_pods, kennysheep_little_box, nzn_wu_jian_contemplation,
          worldfamousw_hep_ancestral_shrine,
          minmay_temple_entry_drinking_statues, cheibrodos_sewer_entry_bend,
          kennysheep_generic_room_3
D:5:      layout_loops_ring, serial_shops, shop
D:6:      layout_rooms, mainiacjoe_overflow_24_doors, lemuel_doored_altar,
          uniq_duvessa, uniq_eustachio
D:7:      layout_basic, nicolae_overflow_crystal_walls, enter_bailey_2,
          serial_shops, shop
D:8:      layout_cave_pools, erik_lair_island, minmay_three_doors
D:9:      layout_gridville, grunt_temple_overflow_champion_of_chaos
D:10:     layout_rooms, nicolae_ru_sacrificial_ziggurat, uniq_erica
D:11:     layout_basic, nicolae_wwwww, grunt_potential
D:12:     layout_irregular_city, orc_0_dummy, minmay_guarded_unrand_skullcrusher
D:13:     layout_irregular_city, david_vaults_3

Skill      XL: |  1  2  3  4  5  6  7  8  9 10 11 12 13 |
---------------+----------------------------------------+-----
Fighting       | 4 5 7 8 9 11 13 14 15 | 15.4
Armour         | 4 7 8 10 | 10.5
Shields        | 3 6 8 10 | 10.3
Dodging        | 3 11 12 13 | 13.0
Axes           | 7 10 | 10.4
Stealth        | 1 2 |  2.3

Action                     |  1- 3 |  4- 6 |  7- 9 | 10-12 | 13-15 || total
---------------------------+-------+-------+-------+-------+-------++-------
  Melee: Hand axe          |    60 |       |       |       |       ||    60
         Headbutt          |    12 |     9 |    24 |    60 |     1 ||   106
         War axe           |    28 |    87 |    75 |    11 |       ||   201
         Short sword       |       |     9 |       |       |       ||     9
         Morningstar       |       |       |    68 |     4 |       ||    72
         Broad axe         |       |       |       |   335 |     6 ||   341
 Invoke: Berserk           |       |     1 |     7 |     4 |     1 ||    13
  Evoke: Wand              |       |       |       |     8 |       ||     8
    Use: Scroll            |     1 |     7 |     8 |    13 |       ||    29
         Potion            |       |       |     2 |       |       ||     2
 Armour: Animal skin       |    10 |       |       |       |       ||    10
         Ring mail         |    15 |       |       |       |       ||    15
         Chain mail        |    11 |    69 |   136 |       |       ||   216
         Plate armour      |       |       |       |   357 |    15 ||   372
  Dodge: Dodged            |    79 |    45 |    73 |   235 |    16 ||   448
  Block: Kite shield       |       |     5 |   116 |   311 |    12 ||   444

Table legend: (Time is in decaauts)
 A = Elapsed time spent in this place.
 B = Non-inter-level travel time spent in this place.
 C = Inter-level travel time spent in this place.
 D = Time resting spent in this place.
 E = Time spent auto-exploring this place.
 F = Levels seen in this place.
 G = Mean time per level.
                   A        B        C        D        E       F      G
               +--------+--------+--------+--------+--------+-----+--------+
         Total |  15334 |  13573 |   1761 |   3437 |      0 |  14 | 1095.3 |
       Dungeon |  14102 |  12341 |   1761 |   2807 |      0 |  13 | 1084.8 |
        Bailey |   1231 |   1231 |      0 |    630 |      0 |   1 | 1231.0 |
               +--------+--------+--------+--------+--------+-----+--------+

Top non-repeatable levels by time:
    D:12: 1570 daAuts
    D:11: 1372 daAuts
     D:4: 1330 daAuts
     D:6: 1319 daAuts
     D:8: 1241 daAuts
  Bailey: 1231 daAuts
     D:2: 1198 daAuts
     D:1: 1141 daAuts
     D:3: 1134 daAuts
     D:9: 1114 daAuts
     D:5: 1059 daAuts
     D:7: 823 daAuts
    D:10: 783 daAuts
    D:13: 13 daAuts
